 Dungeon Crawl Stone Soup version 0.29.1-2-gbd0b4ee654 (webtiles) character file.

Game seed: 4600445231216903489

20644 mortz the Destroyer (level 13, -2/88 HPs)
             Began as a Human Conjurer on Nov 27, 2022.
             Was an Elder of Hepliaklqana.
             Slain by a death yak (18 damage)
             ... on level 3 of the Lair of Beasts on Nov 28, 2022.
             The game lasted 02:15:29 (22875 turns).

mortz the Destroyer (Human Conjurer)               Turns: 22875, Time: 02:15:30

Health: -2/88      AC: 16    Str:  7    XL:     13   Next: 13%
Magic:  6/24       EV: 10    Int: 27    God:    Hepliaklqana [****..]
Gold:   415        SH:  0    Dex:  8    Spells: 11/26 levels left

rFire   . . .      SeeInvis .   a - +5 short sword
rCold   + + .      Faith    .   (no shield)
rNeg    . . .      Spirit   .   K - +2 swamp dragon scales
rPois   +          Reflect  .   F - +0 helmet
rElec   .          Harm     .   (no cloak)
rCorr   .          Rampage  .   A - +1 pair of gloves
Will    ++...                   P - +0 pair of boots "Pafugo" {rC+ Slay+3 Stlth+}
Stlth   ++........              (no amulet)
HPRegen 0.24/turn               S - ring of wizardry
MPRegen 0.19/turn               Y - ring "Mibod" {rC+ Will++ Int+3 Dex-4}

@: about to teleport
A: reduced essence
a: Renounce Religion, Recall Ancestor, Ancestor Identity, Transference, Idealise


You were on level 3 of the Lair of Beasts.
You worshipped Hepliaklqana.
Hepliaklqana was greatly pleased with you.
You visited 3 branches of the dungeon, and saw 14 of its levels.

You collected 864 gold pieces.
You spent 449 gold pieces at shops.

Inventory:

Hand Weapons
 a - a +5 short sword (weapon)
 d - a +5 dire flail
 I - a +1 trident of protection
 J - a +2 morningstar of flaming
Missiles
 l - 13 boomerangs
 p - 28 poisoned darts
 y - 5 curare-tipped darts
 X - 2 throwing nets
Armour
 A - a +1 pair of gloves (worn)
 B - a +2 robe of cold resistance
 F - a +0 helmet (worn)
 K - +2 swamp dragon scales (worn)
 N - a +0 buckler
 P - the +0 pair of boots "Pafugo" (worn) {rC+ Slay+3 Stlth+}
   (You found it on level 7 of the Dungeon)

   Slay:      It affects your accuracy & damage with ranged weapons and melee
   (+3).
   rC:        It protects you from cold.
   Stlth:     It makes you more stealthy.
 W - a +2 plate armour of cold resistance
Magical Staves
 n - a staff of fire
Jewellery
 x - a ring of fire
 S - a ring of wizardry (left hand)
 Y - the ring "Mibod" (right hand) {rC+ Will++ Int+3 Dex-4}
   (You acquired it on level 3 of the Lair of Beasts)

   [ring of protection from cold]

   Int:       It affects your intelligence (+3).
   Dex:       It affects your dexterity (-4).
   rC:        It protects you from cold.
   Will:      It greatly increases your willpower.
 Z - a ring of protection from fire
Wands
 f - a wand of mindburst (11)
 C - a wand of iceblast (5)
 D - a wand of flame (32)
 E - a wand of polymorph (9)
 T - a wand of digging (3)
Scrolls
 c - a scroll of immolation
 g - a scroll of magic mapping
 q - 2 scrolls of fear
 t - 3 scrolls of vulnerability
 u - 8 scrolls of teleportation
 Q - a scroll of poison
 R - a scroll of identify
 U - a scroll of fog
Potions
 e - 3 potions of might
 h - 9 potions of curing
 i - 3 potions of resistance
 j - 2 potions of cancellation
 k - 6 potions of brilliance
 m - 2 potions of magic
 o - 2 potions of haste
 r - 2 potions of invisibility
 s - a potion of heal wounds
 v - 2 potions of berserk rage
 w - 4 potions of lignification
 z - 3 potions of ambrosia
 G - 9 potions of flight
 H - 6 potions of attraction
 O - 3 potions of mutation


   Skills:
 + Level 7.6 Fighting
 - Level 6.7 Armour
 + Level 2.6 Dodging
 - Level 2.0 Stealth
 + Level 7.3 Spellcasting
 * Level 11.4 Conjurations
 - Level 4.7 Hexes
 - Level 5.2 Translocations
 - Level 4.2 Transmutations
 - Level 4.9 Air Magic
 - Level 4.1 Earth Magic
 - Level 4.7 Poison Magic
 + Level 4.9 Invocations


You had 11 spell levels left.
You knew the following spells:

 Your Spells              Type           Power      Damage    Failure   Level
a - Magic Dart            Conj           100%       1d8       1%          1
b - Searing Ray           Conj           100%       2d8       1%          2
d - Dazzling Flash        Conj/Hex       100%       N/A       1%          3
m - Mephitic Cloud        Conj/Pois/Air  47%        N/A       1%          3
p - Passwall              Tmut/Erth      26%        N/A       1%          2
I - Iskenderun's Mystic   Conj/Tloc      53%        2d11      2%          4

Your spell library contained the following spells:

 Spells                   Type           Power      Damage    Failure   Level
 Beastly Appendage        Tmut           64%        N/A       1%          1
 Wereblood                Tmut           32%        N/A       1%          2
 Portal Projectile        Hex/Tloc       72%        N/A       2%          3
 Swiftness                Air            36%        N/A       2%          3
 Tukima's Dance           Hex            35%        N/A       2%          3
 Fulminant Prism          Conj/Hex       26%        3d14      2%          4
 Spider Form              Tmut/Pois      34%        N/A       3%          3
 Ensorcelled Hibernation  Hex/Ice        44%        N/A       4%          2
 Freeze                   Ice            36%        1d6       6%          1
 Hailstorm                Conj/Ice       40%        3d10      6%          4
 Call Imp                 Summ           9%         N/A       10%         2
 Leda's Liquefaction      Hex/Erth       16%        N/A       11%         4
 Call Canine Familiar     Summ           9%         N/A       19%         3
 Frozen Ramparts          Ice            18%        1d3       19%         3
 Anguish                  Hex/Necr       11%        N/A       24%         4
 Silence                  Hex/Air        17%        N/A       26%         5
 Blade Hands              Tmut           16%        N/A       32%         5
 Agony                    Necr           9%         N/A       85%         5
 Enfeeble                 Hex            17%        N/A       100%        7


Dungeon Overview and Level Annotations

Branches:
Dungeon (10/15) Zot: 25798  Temple (1/1) D:6 Zot: 5813    Lair (3/5) D:9 Zot: 11787
 Shoals (0/4) Lair:3       Spider (0/4) Lair:2          Orc (0/2) D:9

Altars:
Ashenzari
Cheibriados
Dithmenos
Elyvilon
Fedhas
Gozag
Hepliaklqana
Kikubaaqudgha
Makhleb
Nemelex Xobeh
Okawaru
Qazlal
Ru
Sif Muna
Trog
Uskayaw
Vehumet
Wu Jian
Xom
Yredelemnul
Zin
The Shining One
Jiyva

Shops:
D:1 [=:!?   D:7 *

Annotations:
D:9 1 runed translucent door
D:10 exclusion: orange crystal statue
Lair:3 3 runed translucent doors, Myorr's ghost, journeyman TrBe


Message History

The death yak is lightly wounded.
The death yak is knocked back by the mystic blast.
The death yak collides with the death yak!
The death yak is lightly wounded.
The death yak is moderately wounded.
The death yak gores glurtz!
The death yak gores glurtz but does no damage.
Glurtz hits the death yak with a +0 flail!
Casting: Iskenderun's Mystic Blast (dangerous; 2% risk of failure)
Confirm with . or Enter, or press ? or * to list all spells.
Aiming: Searing Ray (safe; 1% risk of failure)
Press: ? - help, Shift-Dir - straight line, f - death yak
Aim: a death yak (moderately wounded, 94% to hit)
The searing ray hits the death yak.
The death yak is moderately wounded.
The searing ray misses the death yak.
Glurtz avoids your attack.
The searing ray hits the death yak.
The death yak is moderately wounded. (Press . to maintain the ray.)
The death yak gores glurtz!!
Glurtz is destroyed!
The searing ray hits the death yak but does no damage.
The death yak is lightly wounded.
The searing ray hits the death yak!
The death yak is moderately wounded.
The searing ray hits the death yak but does no damage.
The death yak is moderately wounded.
The searing ray hits the yak.
The yak is lightly wounded.
The death yak attacks as you move away! x2; The death yak gores you!
The death yak attacks as you move away! The death yak barely misses you.
The death yak attacks as you move away! The death yak gores you!
The death yak attacks as you move away! The death yak gores you.
The death yak attacks as you move away! The death yak gores you!!
You hear a bellow!
The death yak attacks as you move away! The death yak gores you!
* * * LOW HITPOINT WARNING * * *
As you read the scroll of teleportation, it crumbles to dust.
You feel strangely unstable. The death yak gores you!!
You die...

##...#...##............#....
#...##................##....
#...####.##.....##...###....
##..#####........###.#.#....
#..........................
#..........................
#..........................
*#..................#...#...
#P.........@YYY...Y#..###...
##...#..##.##Y....#.Y..#....
*#..##.##.###...Y.##........
*...##......+.....##.Y......
**,,*,...,.P.......#........
*,,,.....,..#...........#...
*,,,#.#.##.##.....#P..#.#...
**,,.#.....#......#P.###....
*,,,,,,.............Y.......


You could see 5 death yaks and a yak.

Vanquished Creatures
  2 hydras (Lair:3)
  A boulder beetle (Lair:3)
  A death yak (Lair:3)
  Pikel (D:3)
  3 black mambas
  3 elephants (Lair:3)
  Maggie (D:6)
  A cane toad (Lair:2)
  A rime drake (Lair:2)
  4 komodo dragons
  A troll (D:10)
  3 blink frogs (Lair:2)
  4 wyverns
  3 basilisks
  7 yaks
  A vampire mosquito (D:5)
  A steam dragon (D:6)
  Edmund (D:4)
  4 wargs
  7 water moccasins
  Duvessa (D:6)
  An acid dragon (D:9)
  An ice beast (D:8)
  An orc warrior (D:9)
  2 black bears (D:7)
  A sky beast (D:7)
  A centaur (D:6)
  5 ogres
  A wolf (D:9)
  2 lemures
  A kobold brigand (D:8)
  Blork the orc (D:6)
  6 bullfrogs
  3 scorpions
  A necrophage (D:5)
  4 wights (D:8)
  Dowan (D:6)
  3 killer bees
  2 howler monkeys
  3 electric eels
  2 hounds
  2 orc priests (D:9)
  Jessica (D:2)
  7 iguanas
  Ijyb (D:4)
  Natasha (thrice) (D:4)
  An orc wizard (D:8)
  Robin (D:2)
  14 gnolls
  2 adders
  2 white imps
  An ufetubus (D:5)
  5 dart slugs
  25 orcs
  3 bats (D:1)
  5 endoplasms
  4 giant cockroaches
  15 goblins
  6 hobgoblins
  8 jackals
  22 kobolds
  A quokka (D:1)
  7 ball pythons
  2 frilled lizards
  6 rats
237 creatures vanquished.

Vanquished Creatures (collateral kills)
  6 elephants (Lair:3)
  A torpor snail (Lair:3)
  2 cane toads
  A komodo dragon (Lair:2)
  A meliai (Lair:1)
  2 blink frogs (Lair:2)
  5 yaks
  A basilisk (Lair:2)
  A steam dragon (D:7)
  Grum (D:10)
  A water moccasin (Lair:1)
  An acid dragon (D:9)
  An ice beast (D:8)
  4 orc warriors
  3 wolves
  A gnoll sergeant (D:9)
  2 bullfrogs
  2 wights (D:8)
  2 killer bees
  6 orc priests
  An iguana (D:7)
  4 orc wizards
  2 gnolls (D:8)
  6 orcs
57 creatures vanquished.

Vanquished Creatures (others)
  3 ancestors
  6 knights
  20 fungi
  28 plants
57 creatures vanquished.

Grand Total: 351 creatures vanquished

Notes
Turn   | Place    | Note
-------+----------+-------------------------------------------
     0 | D:1      | mortz the Human Conjurer began the quest for the Orb.
     0 | D:1      | Reached XP level 1. HP: 13/13 MP: 3/3
   127 | D:1      | Reached XP level 2. HP: 20/20 MP: 1/5
   131 | D:1      | Learned a level 2 spell: Searing Ray
   234 | D:1      | Found Edeir's Book Shop.
   243 | D:1      | Found Zakhir's Distillery.
   307 | D:1      | Found a faded altar of an unknown god.
   577 | D:1      | Found Izyhalut's Magic Scroll Shoppe.
   588 | D:1      | Bought a scroll of identify for 22 gold pieces
   699 | D:1      | Reached skill level 1 in Fighting
   699 | D:1      | Reached XP level 3. HP: 26/26 MP: 4/6
   772 | D:1      | Found Moraleiteo's Jewellery Boutique.
   784 | D:1      | Found Jaqosuneus's Armour Shop.
  1119 | D:1      | Bought a potion of curing for 33 gold pieces
  1706 | D:2      | Learned a level 2 spell: Passwall
  1823 | D:2      | Noticed Jessica
  1823 | D:2      | Noticed Robin
  1944 | D:2      | Killed Jessica
  1945 | D:2      | Reached XP level 4. HP: 28/32 MP: 2/7
  2164 | D:2      | Reached skill level 1 in Transmutations
  2339 | D:2      | Killed Robin
  2340 | D:2      | Reached skill level 1 in Earth Magic
  2411 | D:2      | Reached XP level 5. HP: 37/37 MP: 2/8
  3314 | D:1      | Bought a scroll of identify for 22 gold pieces
  3314 | D:1      | Bought a scroll of teleportation for 33 gold pieces
  3314 | D:1      | Bought a scroll of noise for 11 gold pieces
  3976 | D:3      | Reached XP level 6. HP: 44/44 MP: 6/10
  4542 | D:1      | Bought a +0 pair of gloves for 49 gold pieces
  4576 | D:1      | Bought a potion of brilliance for 44 gold pieces
  4664 | D:4      | Noticed Pikel
  4940 | D:4      | Noticed Edmund
  5002 | D:3      | Killed Pikel
  5003 | D:3      | Reached skill level 5 in Conjurations
  5003 | D:3      | Reached XP level 7. HP: 15/51 MP: 2/12
  5467 | D:4      | Noticed Natasha
  5480 | D:4      | Killed Natasha
  5670 | D:4      | Reached XP level 8. HP: 58/58 MP: 7/13
  5819 | D:4      | Noticed Natasha
  5831 | D:4      | Killed Natasha
  6015 | D:4      | Noticed Ijyb
  6020 | D:4      | Killed Ijyb
  6118 | D:4      | Killed Edmund
  6250 | D:4      | Noticed Natasha
  6359 | D:4      | Killed Natasha
  7017 | D:4      | Learned a level 3 spell: Dazzling Flash
  7021 | D:4      | Learned a level 3 spell: Mephitic Cloud
  7044 | D:5      | Entered Level 5 of the Dungeon
  7535 | D:5      | Reached skill level 1 in Air Magic
  7657 | D:5      | Reached skill level 1 in Hexes
  7657 | D:5      | Reached skill level 1 in Poison Magic
  7858 | D:5      | Reached skill level 6 in Conjurations
  7997 | D:5      | Reached XP level 9. HP: 19/65 MP: 5/15
  8365 | D:6      | Noticed Duvessa
  8365 | D:6      | Noticed Dowan
  8730 | D:6      | Found a staircase to the Ecumenical Temple.
  8731 | D:6      | Noticed Blork the orc
  8758 | Temple   | Entered the Ecumenical Temple
  8895 | Temple   | Became a worshipper of Hepliaklqana the Forgotten
  8916 | D:6      | Killed Blork the orc
  8932 | D:6      | Noticed Maggie
  8972 | D:6      | Killed Maggie
  9086 | D:6      | Reached skill level 7 in Conjurations
  9142 | D:6      | Killed Dowan
  9151 | D:6      | Killed Duvessa
  9152 | D:6      | Reached skill level 1 in Armour
  9824 | D:1      | Bought a potion of mutation for 88 gold pieces
  9824 | D:1      | Bought 2 potions of attraction for 66 gold pieces
  9824 | D:1      | Bought a potion of curing for 33 gold pieces
 10157 | D:7      | Reached XP level 10. HP: 73/73 MP: 10/17
 10607 | D:7      | Reached skill level 5 in Spellcasting
 10707 | D:7      | Identified the +0 pair of boots "Pafugo" {rC+ Slay+3
                  | Stlth+}
 10784 | D:7      | Reached * piety under Hepliaklqana
 10982 | D:7      | Found Qasic's General Store.
 10987 | D:7      | Bought a scroll of identify for 24 gold pieces
 11080 | D:7      | Found a basalt altar of Yredelemnul.
 11219 | D:7      | Reached skill level 5 in Fighting
 11373 | D:7      | Bought a scroll of identify for 24 gold pieces
 11562 | D:8      | Reached skill level 8 in Conjurations
 13605 | D:9      | Found a staircase to the Lair.
 13792 | D:9      | Found a runed translucent door.
 13793 | D:9      | Found a burning altar of Makhleb.
 13793 | D:9      | Noticed a sixfirhy
 14116 | D:9      | Reached ** piety under Hepliaklqana
 14117 | D:9      | Remembered your ancestor glurtz as a knight
 14141 | D:9      | Found a sparkling altar of Nemelex Xobeh.
 14490 | D:9      | Found a staircase to the Orcish Mines.
 14588 | D:9      | Reached XP level 11. HP: 72/72 MP: 4/19
 15063 | D:9      | Reached skill level 5 in Armour
 15508 | D:10     | Entered Level 10 of the Dungeon
 15508 | D:10     | Noticed Grum
 15710 | D:10     | Reached skill level 9 in Conjurations
 15811 | D:10     | Killed Grum
 16144 | D:10     | Noticed an orange crystal statue
 16149 | D:10     | Noticed a two-headed ogre
 16352 | D:10     | Reached *** piety under Hepliaklqana
 16493 | D:10     | Learned a level 4 spell: Iskenderun's Mystic Blast
 16610 | Lair:1   | Entered Level 1 of the Lair of Beasts
 16663 | Lair:1   | Reached skill level 1 in Translocations
 16788 | Lair:1   | Reached skill level 1 in Invocations
 18042 | Lair:2   | Found a hole to the Spider Nest.
 18161 | Lair:2   | Reached XP level 12. HP: 80/80 MP: 18/21
 18500 | Lair:2   | Reached skill level 10 in Conjurations
 19439 | Lair:3   | Noticed a seven-headed hydra
 19451 | Lair:3   | Killed a seven-headed hydra
 19727 | Lair:3   | Noticed a boulder beetle
 20019 | Lair:3   | Noticed a seven-headed hydra
 20027 | Lair:3   | Reached skill level 5 in Translocations
 20495 | Lair:3   | Found a runed translucent gate.
 20495 | Lair:3   | Found a runed translucent gate.
 20495 | Lair:3   | Found a runed translucent gate.
 20495 | Lair:3   | Found a viscous altar of Jiyva.
 20495 | Lair:3   | Noticed Myorr's ghost (journeyman TrBe)
 20495 | Lair:3   | Noticed a great orb of eyes
 20506 | Lair:3   | Found a staircase to the Shoals.
 20669 | Lair:3   | Reached **** piety under Hepliaklqana
 20682 | Lair:3   | Identified a scroll of acquirement
 20683 | Lair:3   | Acquired the ring "Mibod" {rC+ Will++ Int+3 Dex-4}
 20989 | Lair:3   | Killed a seven-headed hydra
 21154 | Lair:3   | Noticed a death yak
 21159 | Lair:3   | Noticed a death yak
 21160 | Lair:3   | Noticed a death yak
 21164 | Lair:3   | Noticed a death yak
 21396 | Lair:3   | Reached skill level 11 in Conjurations
 21515 | Lair:3   | Noticed a death yak
 21516 | Lair:3   | Noticed a death yak
 21557 | Lair:2   | HP: 2/81 [yak[a torpor snail] (13)]
 21559 | Lair:2   | Reached XP level 13. HP: 3/86 MP: 9/23
 22180 | Lair:3   | Found a staircase to the Shoals.
 22205 | Lair:3   | Killed a boulder beetle
 22875 | Lair:3   | Slain by a death yak

Illustrated notes

Levels and vault maps discovered:
D:1:      scummos_arrival_simple_fountains, layout_basic,
          basic_ecumenical_altar, serial_shops, shop_fountains, shop_statue,
          shop, nicolae_shop_trees, shop, minmay_tetromino_t4
D:2:      layout_basic, minmay_misc_feat_four_crosses, minmay_quantized,
          uniq_jessica, uniq_robin
D:3:      layout_basic, nrook_loot_triangle
D:4:      cheibrodos_old_hovel, layout_loops_ring, uniq_natasha, uniq_pikel,
          uniq_ijyb, uniq_edmund
D:5:      minmay_chambers_of_fours, layout_cave_pools
D:6:      layout_basic, temple_pool_b, uniq_duvessa, uniq_maggie,
          uniq_blork_the_orc
D:7:      layout_basic, mainiacjoe_overflow_paths, serial_shops,
          kennysheep_little_box
D:8:      layout_cave_pods
D:9:      layout_loops_ring, nzn_makhleb_speed_demon,
          nemelex_spade_bored_becter, erik_lair_orcish_takeover, david_orc_3,
          serial_co_window_serial, co_window_paths_a, co_window_corner_a,
          co_window_paths_a, co_window_paths_a, co_window_corner_a,
          co_window_of_opportunity_b, co_window_unsneaky_path_a,
          co_window_2corner, co_window_unsneaky_path_e,
          co_window_unsneaky_path_c, co_window_4corner_a, co_window_paths_e,
          glass_columns_b, glass_columns_a, glass_columns_a
D:10:     layout_stronghold, minivault_16, minivault_19, uniq_grum
Temple:   hellmonk_temple_of_storms
Lair:1:   layout_roguey, serial_bayou_ford_a
Lair:2:   layout_gridlike, hellmonk_spider_entry_not_the_bees,
          wad_woods_river_03
Lair:3:   layout_regular_city, elwin_shoals_entry_rocks, enter_volcano_2,
          gammafunk_ghost_ooze, lemuel_old_faithful, infiniplex_staircase_pool_2

Skill      XL: |  1  2  3  4  5  6  7  8  9 10 11 12 |
---------------+-------------------------------------+-----
Fighting       | 1 2 3 4 5 6 7 |  7.6
Transmutations | 1 2 3 4 |  4.2
Earth Magic    | 1 3 4 |  4.1
Spellcasting   | 3 4 5 6 7 |  7.3
Conjurations   | 5 6 7 8 9 11 | 11.4
Air Magic      | 1 3 4 |  4.9
Hexes          | 1 3 4 |  4.7
Poison Magic   | 1 3 4 |  4.7
Armour         | 2 4 6 |  6.7
Translocations | 3 5 |  5.2
Invocations    | 2 4 |  4.9
Dodging        | |  2.6
Stealth        | |  2.0

Action                   |  1- 3 |  4- 6 |  7- 9 | 10-12 | 13-15 || total
-------------------------+-------+-------+-------+-------+-------++-------
Melee: Dagger            |     3 |       |     1 |       |       ||     4
       Club              |       |    14 |     7 |       |       ||    21
       Short sword       |       |       |       |     8 |       ||     8
Throw: Dart              |       |       |     4 |       |       ||     4
 Cast: Magic Dart        |    63 |    71 |    50 |   212 |     4 ||   400
       Searing Ray       |     3 |    15 |    47 |   127 |     9 ||   201
       Mephitic Cloud    |       |       |       |     4 |       ||     4
       Iskenderun's Myst |       |       |       |    19 |     3 ||    22
Invok: Ancestor Identity |       |       |       |     2 |       ||     2
       Ancestor Life: Kn |       |       |       |     1 |       ||     1
       Recall Ancestor   |       |       |       |    11 |       ||    11
Evoke: Wand              |       |       |     5 |       |       ||     5
  Use: Scroll            |     2 |     6 |     6 |    11 |     1 ||    26
       Potion            |       |     1 |     2 |     2 |       ||     5
 Stab: Sleeping          |       |     1 |       |     1 |       ||     2
Armor: Robe              |     1 |       |     9 |       |       ||    10
       Leather armour    |       |     4 |       |       |       ||     4
       Swamp dragon scal |       |       |     6 |   131 |     3 ||   140
Dodge: Dodged            |    10 |    18 |    41 |   117 |     1 ||   187
